 Dungeon Crawl Stone Soup version 0.30-a0-939-gc8157cb160 (webtiles) character file.

Game seed: 13006298907478407493

427 NotreDorf the Magician (level 6, -1/41 HPs)
             Began as a Mummy Hedge Wizard on Mar 20, 2023.
             Slain by an ice beast (5 damage)
             ... on level 5 of the Dungeon on Mar 25, 2023.
             The game lasted 00:20:05 (4128 turns).

NotreDorf the Magician (Mummy Hedge Wizard)         Turns: 4128, Time: 00:20:05

Health: -1/41      AC:  2    Str: 13    XL:     6   Next: 65%
Magic:  15/15      EV: 12    Int: 15    God:
Gold:   47         SH:  0    Dex: 12    Spells: 11/17 levels left

rFire   . . .      SeeInvis +    n - +2 spear (freeze)
rCold   . . .      Faith    +    (no shield)
rNeg    + + +      Spirit   .    b - +0 robe
rPois   ∞          Reflect  .    c - +0 hat
rElec   .          Rampage  .    o - scarf {+Inv}
rCorr   .                        (no gloves)
Will    .....                    (no boots)
Stlth   ++                       l - amulet of regeneration
HPRegen 1.06/turn                j - ring of fire
MPRegen 0.14/turn                p - ring of see invisible

@: no status effects
A: cold resistance 1, negative energy resistance 3, torment resistance 2, heat
vulnerability 1, in touch with death 1, no potions, faith
a: Evoke Invisibility


You were on level 5 of the Dungeon.
You visited 1 branch of the dungeon, and saw 5 of its levels.

You collected 257 gold pieces.
You spent 210 gold pieces at shops.

Inventory:

Hand Weapons
 h - a +1 dagger of venom
 n - a +2 spear of freezing (weapon)
Missiles
 d - 18 poisoned darts
Armour
 b - a +0 robe (worn)
 c - a +0 hat (worn)
 o - a scarf of invisibility (worn)
Jewellery
 j - a ring of fire (left hand)
 l - an amulet of regeneration (around neck)
 p - a ring of see invisible (right hand)
Wands
 m - a wand of paralysis (4)
Scrolls
 a - a scroll of noise {unknown}
 e - 4 scrolls of fog {unknown}
 f - 2 scrolls of identify {unknown}
 g - a scroll of butterflies {unknown}
 i - a scroll of poison {unknown}
 k - a scroll of enchant armour {unknown}


   Skills:
 - Level 1.5 Dodging
 - Level 1.5 Stealth
 + Level 6.2 Spellcasting
 + Level 3.3 Conjurations
 - Level 0.7 Summonings
 - Level 1.5 Translocations
 + Level 2.6 Poison Magic


You had 11 spell levels left.
You knew the following spells:

 Your Spells              Type           Power      Damage    Failure   Level
a - Magic Dart            Conj           56%        1d5       3%          1
b - Blink                 Tloc           18%        N/A       12%         2
c - Mephitic Cloud        Conj/Pois/Air  10%        N/A       19%         3

Your spell library contained the following spells:

 Spells                   Type           Power      Damage    Failure   Level
 Momentum Strike          Conj/Tloc      22%        3d8       9%          2
 Lesser Beckoning         Tloc           18%        N/A       12%         2
 Slow                     Hex            16%        N/A       14%         1
 Call Imp                 Summ           6%         N/A       16%         2
 Cigotuvi's Dreadful Rot  Necr/Pois/Air  22%        N/A       16%         2
 Confusing Touch          Hex            4%         N/A       41%         3
 Vampiric Draining        Necr           7%         2d6       41%         3
 Manifold Assault         Tloc           9%         N/A       61%         4
 Dispersal                Tloc           4%         N/A       100%        6
 Disjunction              Tloc           4%         N/A       100%        8


Dungeon Overview and Level Annotations

Branches:
Dungeon (5/15)
 Temple: D:4-7

Altars:
Hepliaklqana

Shops:
D:4 =

Annotations:
D:2 Sigmund


Innate Abilities, Weirdness & Mutations

You are immune to poison.
Your flesh is cold resistant. (rC+)
You are immune to negative energy. (rN+++)
You are immune to unholy pain and torment.
You are vulnerable to heat. (rF-)
You are in touch with the powers of death.
You do not drink.
You have a special connection with the divine. (Faith)


Message History

The water moccasin bites you! The water moccasin barely misses you.
You closely miss the water moccasin. The water moccasin bites you.
The ice beast is no longer paralysed.
The water moccasin misses you. The water moccasin bites you.
There is a stone staircase leading up here.
You hit the water moccasin but do no damage.
The adder bites you. The water moccasin bites you. The adder barely misses you.
You barely miss the water moccasin. The water moccasin bites you.
The adder bites you. The water moccasin closely misses you.
You hit the water moccasin.
The water moccasin seems to slow down.
You freeze the water moccasin.
The water moccasin is moderately wounded.
The adder bites you but does no damage. The water moccasin closely misses you.
The adder bites you.
You hit the water moccasin. You freeze the water moccasin.
The water moccasin is moderately wounded.
The adder closely misses you.
The water moccasin bites you but does no damage.
You hit the water moccasin.
The water moccasin seems to slow down.
You freeze the water moccasin.
The water moccasin is heavily wounded.
The adder bites you. The water moccasin barely misses you.
You hit the adder.
The adder seems to slow down.
You freeze the adder.
The adder is severely wounded.
The adder misses you. The water moccasin bites you.
You hit the adder.
The adder seems to slow down.
You freeze the adder.
You kill the adder!
The water moccasin closely misses you.
You barely miss the water moccasin.
The water moccasin is heavily wounded.
The ice beast closely misses you. The water moccasin bites you.
You miss the water moccasin.
The water moccasin is heavily wounded.
The ice beast hits you but does no damage.
The water moccasin bites you!
* * * LOW HITPOINT WARNING * * *
The ice beast hits you.
* * * LOW HITPOINT WARNING * * *
The ice beast freezes you.
You die...

...##.......
#.
..#.......
#..#........
...#.......
..........
.........
#.......#
#SY##.#..
#@........
#....#.../
##........
#.......
.... .
....!....
... .
#........
... ..
.....#.## ..
.. .......
#. #.. ...
#.#...


You could see a water moccasin (slow) and an ice beast.

Vanquished Creatures
  A kobold brigand (D:3)
  A scorpion (D:4)
  2 orc priests (D:4)
  2 hounds
  2 iguanas (D:4)
  5 adders
  A white imp (D:4)
  2 worms
  7 orcs (D:4)
  6 endoplasms
  2 giant cockroaches
  6 goblins
  4 hobgoblins (D:1)
  4 jackals (D:3)
  A quokka (D:4)
  8 ball pythons
  5 bats
  2 frilled lizards
  7 kobolds
  A rat (D:1)
69 creatures vanquished.

Notes
Turn   | Place    | Note
-------+----------+-------------------------------------------
     0 | D:1      | NotreDorf the Mummy Hedge Wizard began the quest for the
                  | Orb.
     0 | D:1      | Reached XP level 1. HP: 13/13 MP: 5/5
   224 | D:1      | Reached skill level 1 in Conjurations
   224 | D:1      | Reached skill level 1 in Translocations
   290 | D:1      | Reached XP level 2. HP: 7/19 MP: 2/7
  1147 | D:1      | Learned a level 2 spell: Blink
  1518 | D:2      | Gained mutation: You are in touch with the powers of death.
                  | [Mummy growth]
  1518 | D:2      | Reached XP level 3. HP: 24/24 MP: 4/8
  1593 | D:2      | Noticed Sigmund
  1792 | D:2      | Learned a level 3 spell: Mephitic Cloud
  1997 | D:3      | Reached skill level 1 in Poison Magic
  1997 | D:3      | Reached XP level 4. HP: 10/30 MP: 2/10
  2285 | D:3      | Reached skill level 5 in Spellcasting
  2559 | D:3      | Noticed a kobold brigand
  2573 | D:3      | Killed a kobold brigand
  2574 | D:3      | Reached XP level 5. HP: 6/35 MP: 8/12
  3388 | D:4      | Reached XP level 6. HP: 30/41 MP: 12/14
  3457 | D:4      | Found a hazy altar of Hepliaklqana.
  3498 | D:4      | Reached skill level 6 in Spellcasting
  3590 | D:4      | Upgraded the game from 0.30-a0-918-g0ff054e9dc to
                  | 0.30-a0-920-g7493c07aab
  3590 | D:4      | Upgraded the game from 0.30-a0-920-g7493c07aab to
                  | 0.30-a0-939-gc8157cb160
  3905 | D:4      | Found Kyugadudd's Jewellery Shoppe.
  3913 | D:4      | Bought a ring of see invisible for 210 gold pieces
  3979 | D:5      | Entered Level 5 of the Dungeon
  4099 | D:5      | Noticed an ice beast
  4109 | D:5      | Noticed a water moccasin
  4128 | D:5      | Slain by an ice beast

Illustrated notes

Levels and vault maps discovered:
D:1:      dpeg_arrival_rooms_with_view, layout_basic,
          nicolae_kite_square_tiling_tiny
D:2:      layout_basic, kennysheep_generic_room_7, uniq_sigmund, uniq_robin
D:3:      layout_loops_ring, st_stairs_14, minmay_misc_feat_secret_circle,
          corner_web_ring, minmay_quadrilaterals
D:4:      layout_basic, mainiacjoe_overflow_cross_hatched, serial_shops, shop
D:5:      minmay_diamond_boxcup, layout_cave_pools,
          minmay_temple_entry_gardened_gates

Skill      XL: |  1  2  3  4  5  6 |
---------------+-------------------+-----
Conjurations   | 1 2 3 |  3.3
Translocations | 1 |  1.5
Poison Magic   | 1 2 |  2.6
Spellcasting   | 5 6 |  6.2
Dodging        | |  1.5
Stealth        | |  1.5
Summonings     | |  0.7

Action                     |  1- 3 |  4- 6 || total
---------------------------+-------+-------++-------
  Melee: Dagger            |    33 |    21 ||    54
         Short sword       |     3 |       ||     3
         Spear             |       |    72 ||    72
         Punch             |       |     1 ||     1
   Cast: Magic Dart        |    75 |    82 ||   157
  Evoke: Wand              |       |     1 ||     1
   Stab: Paralysed         |       |     7 ||     7
 Armour: Robe              |    11 |    10 ||    21
  Dodge: Dodged            |    34 |    55 ||    89

Table legend: (Time is in decaauts)
 A = Elapsed time spent in this place.
 B = Non-inter-level travel time spent in this place.
 C = Inter-level travel time spent in this place.
 D = Time resting spent in this place.
 E = Time spent auto-exploring this place.
 F = Levels seen in this place.
 G = Mean time per level.
                   A        B        C        D        E       F      G
               +--------+--------+--------+--------+--------+-----+--------+
         Total |   4134 |   3994 |    140 |    326 |   3011 |   5 |  826.8 |
       Dungeon |   4134 |   3994 |    140 |    326 |   3011 |   5 |  826.8 |
               +--------+--------+--------+--------+--------+-----+--------+

Top non-repeatable levels by time:
     D:1: 1275 daAuts
     D:4: 1128 daAuts
     D:3: 1017 daAuts
     D:2: 682 daAuts
     D:5: 30 daAuts
